 Dungeon Crawl Stone Soup version 0.30-a0-170-g85af917532 (webtiles) character file.

Game seed: 6589119573970272650

182 qw the Chopper (level 5, -1/32 HPs)
             Began as a Gargoyle Fighter on Sept 30, 2022.
             Slain by an orc
             ... wielding a +0 trident
              (7 damage)
             ... on level 4 of the Dungeon.
             The game lasted 00:00:48 (2645 turns).

qw the Chopper (Gargoyle Fighter)                   Turns: 2645, Time: 00:00:49

Health: -1/32      AC: 12    Str: 22    XL:     5   Next: 62%
Magic:  5/5        EV:  9    Int:  8    God:
Gold:   116        SH:  4    Dex:  9    Spells: 4/4 levels left

rFire   . . .      SeeInvis .    Y - +0 war axe
rCold   + . .      Faith    .    c - +0 buckler
rNeg    + . .      Spirit   .    b - +0 scale mail
rPois   inf        Reflect  .    (no helmet)
rElec   +          Harm     .    (no cloak)
rCorr   .          Rampage  .    o - +0 pair of gloves
Will    .....                    (no boots)
Stlth   ..........               h - amulet of regeneration
HPRegen 0.90/turn                (no ring)
MPRegen 0.09/turn                (no ring)

@: about to teleport, flying (expiring)
A: sickness immunity, AC +4, negative energy resistance 1, electricity
resistance, torment resistance 1, petrification resistance, cold resistance 1,
evolution 1
a: no special abilities


You were on level 4 of the Dungeon.
You visited 1 branch of the dungeon, and saw 4 of its levels.

You collected 116 gold pieces.


Innate Abilities, Weirdness & Mutations

You are immune to sickness and miasma.
Your stone body is resilient. (AC +4)
You are immune to poison.
You resist negative energy. (rN+)
You are resistant to electric shocks. (rElec)
You are resistant to unholy torment.
You are immune to petrification.
Your flesh is cold resistant. (rC+)
You have hidden genetic potential.


   Skills:
 + Level 3.2 Fighting
 - Level 5.1 Axes
 - Level 3.2 Armour
 - Level 3.2 Shields


You had 4 spell levels left.
You didn't know any spells.
Your spell library was empty.

Inventory:

Hand Weapons
 e - a +0 flail
 Y - a +0 war axe (weapon)
Armour
 b - a +0 scale mail (worn)
 c - a +0 buckler (worn)
 o - a +0 pair of gloves (worn)
Jewellery
 h - an amulet of regeneration (around neck)
Scrolls
 a - a scroll of identify
Potions
 d - a potion of might
 f - a potion of mutation
 i - a potion of curing
 j - a potion of heal wounds
 m - a potion of haste {unknown}

Dungeon Overview and Level Annotations

Branches:
Dungeon (4/15)
 Temple: D:4-7

Altars:

Annotations:
D:4 Eustachio


Message History

The river rat's corpse disappears in a puff of smoke!
You barely miss the river rat.
The river rat barely misses you. x2; The orc hits you but does no damage.
You hit the river rat.
The river rat is almost dead.
You slash Eustachio! You barely miss the river rat.
The river rat bites you but does no damage. x2
Eustachio closely misses you.
The orc hits you from afar with a +0 trident.
The river rat barely misses you.
You hit the river rat.
You kill the river rat!
The river rat's corpse disappears in a puff of smoke!
You closely miss Eustachio. You barely miss the river rat.
Eustachio barely misses you. The orc barely misses you.
You block the river rat's attack.
You hit Eustachio.
Eustachio is moderately wounded.
You hit the river rat but do no damage.
Eustachio casts a spell.
The orc closely misses you.
The river rat bites you but does no damage.
The orc barely misses you.
Eustachio casts a spell.
You barely miss Eustachio.
Eustachio is moderately wounded.
You hit the river rat. You hit the iron imp. You block the bat's attack.
The bat closely misses you.
The river rat twitches its whiskers.
The river rat bites you! Eustachio hits you with a +0 rapier.
The orc closely misses you.
The iron imp hits you but does no damage.
2645 ||| READING scroll of teleportation.
As you read the scroll of teleportation, it crumbles to dust.
You feel strangely unstable. The bat barely misses you.
The bat hits you but does no damage. x2
The river rat bites you but does no damage.
You block Eustachio's attack.
The orc hits you from afar with a +0 trident!
You die...

# ##.
###..####### ..
#..........#....
#......5@.......
#.....(@r...#...
#...<..b5r.##
#.(....o5b.#
#............
#...........##
##.##.####.## #.
#. .# # #. ..


You could see Eustachio, an iron imp (summoned), a quasit (summoned), 2 river
rats, an orc, an ufetubus (summoned) and 2 bats.

Vanquished Creatures
  A scorpion (D:3)
  A howler monkey (D:4)
  4 adders
  2 dart slugs
  3 orcs (D:3)
  8 endoplasms
  5 goblins
  4 hobgoblins
  2 jackals (D:3)
  2 quokkas
  3 ball pythons
  A bat (D:3)
  A frilled lizard (D:3)
  3 kobolds
  2 rats
42 creatures vanquished.

Notes
Turn   | Place    | Note
-------+----------+-------------------------------------------
     0 | D:1      | qw the Gargoyle Fighter began the quest for the Orb.
     0 | D:1      | Reached XP level 1. HP: 14/14 MP: 1/1
     0 | D:1      | 0 ||| qw: Version: 0.2-a-12-gaebbb33
     0 | D:1      | 0 ||| qw: Game counter: 1569
     0 | D:1      | 0 ||| qw: Always use a shield: true
     0 | D:1      | 0 ||| qw: God list: Okawaru
     0 | D:1      | 0 ||| qw: Allow faded altars: false
     0 | D:1      | 0 ||| qw: Do Orc after D:15 true
     0 | D:1      | 0 ||| qw: Do second Lair branch before Depths: true
     0 | D:1      | 0 ||| qw: Lair rune preference: random
     0 | D:1      | 0 ||| qw: Plans: Normal, Zot:1-4, God:TSO, Crypt, Tomb,
                  | Pan, Slime:5, Hells, Abyss, Orb
     0 | D:1      | 0 ||| PLANNING D:1-11
    61 | D:1      | Reached skill level 2 in Axes
   331 | D:1      | Found a faded altar of an unknown god.
   429 | D:1      | 429 ||| READING 2 scrolls labelled FAMODWALIO.
   430 | D:1      | 430 ||| READING scroll labelled BESSAGA JAMO.
   431 | D:1      | 431 ||| READING scroll labelled GAYWUL LOKHES.
   464 | D:2      | Reached XP level 2. HP: 19/19 MP: 2/2
   529 | D:2      | You fall into a shaft and drop 1 floor!
   546 | D:3      | Reached skill level 3 in Axes
   571 | D:3      | Reached XP level 3. HP: 23/23 MP: 3/3
   600 | D:3      | Noticed a scorpion
   610 | D:3      | Killed a scorpion
   611 | D:3      | Reached skill level 4 in Axes
   611 | D:3      | Reached XP level 4. HP: 17/28 MP: 4/4
  1838 | D:2      | 1838 ||| UPGRADING to amulet of regeneration.
  1843 | D:2      | 1843 ||| READING scroll labelled UXZUEC LANESS.
  1848 | D:2      | 1848 ||| READING scroll labelled NANTOJ UM NOT.
  1851 | D:2      | 1851 ||| READING scroll labelled MUOPSI SICUPSI.
  1952 | D:2      | 1952 ||| READING 3 scrolls labelled NEGUMP LIETHYJ.
  1953 | D:2      | 1953 ||| READING scroll labelled AWOEMUD ESYLL.
  1954 | D:2      | 1954 ||| DRINKING 2 sedimented brown potions.
  1954 | D:2      | Gained mutation: You have hidden genetic potential. [potion
                  | of mutation]
  1954 | D:2      | Gained mutation: Your flesh is cold resistant. (rC+)
                  | [potion of mutation]
  1955 | D:2      | 1955 ||| DRINKING 2 murky white potions.
  1956 | D:2      | 1956 ||| DROPPING 2 scrolls of fear.
  1977 | D:3      | 1977 ||| Stepping ~*~*~tactically~*~*~ (stealth).
  1999 | D:3      | 1999 ||| DROPPING +0 club.
  2003 | D:3      | 2003 ||| DROPPING +0 whip.
  2010 | D:3      | 2010 ||| Stepping ~*~*~tactically~*~*~ (stealth).
  2012 | D:3      | 2012 ||| Stepping ~*~*~tactically~*~*~ (hiding).
  2013 | D:3      | 2013 ||| Stepping ~*~*~tactically~*~*~ (hiding).
  2018 | D:3      | Reached XP level 5. HP: 32/32 MP: 5/5
  2592 | D:3      | 2592 ||| UPGRADING to +0 pair of gloves.
  2597 | D:3      | 2597 ||| READING scroll labelled BAWOYSTR ZISTROT.
  2598 | D:3      | 2598 ||| READING 2 scrolls labelled QADOTZOUSK.
  2599 | D:3      | 2599 ||| DRINKING 2 amethyst potions.
  2600 | D:3      | 2600 ||| READING 2 scrolls of identify.
  2600 | D:3      | 2600 ||| IDENTIFYING murky dark potion
  2601 | D:3      | 2601 ||| DROPPING potion of flight.
  2602 | D:3      | 2602 ||| DROPPING scroll of blinking.
  2614 | D:4      | Noticed Eustachio
  2627 | D:4      | Reached skill level 5 in Axes
  2644 | D:4      | HP: 6/32 [river rat[Eustachio] (8)]
  2645 | D:4      | 2645 ||| READING scroll of teleportation.
  2645 | D:4      | Slain by an orc

Levels and vault maps discovered:
D:1:      nzn_arrival_depleted_hourglass, layout_rooms,
          chequers_ecumenical_altar_island, minmay_misc_feat_chi,
          solitary_fountain
D:2:      minmay_door_path, layout_basic
D:3:      layout_basic, minmay_misc_feat_columns
D:4:      layout_rooms, nicolae_overflow_hidden_temple,
          nicolae_ashenzari_skybound, mainiacjoe_overflow_catwalk,
          gammafunk_temple_overflow_elements, minmay_temple_entry_glass,
          st_stairs_7, serial_park_tiny_1, nicolae_stop_n_shop_1, uniq_eustachio

Skill      XL: |  1  2  3  4  5 |
---------------+----------------+-----
Axes           | 2 3 4 5 |  5.1
Fighting       | |  3.2
Armour         | |  3.2
Shields        | |  3.2

Action                   |  1- 3 |  4- 6 || total
-------------------------+-------+-------++-------
Melee: War axe           |    34 |    86 ||   120
  Use: Scroll            |     3 |     9 ||    12
       Potion            |       |     3 ||     3
Armor: Scale mail        |    12 |    49 ||    61
Dodge: Dodged            |    12 |    66 ||    78
Block: Buckler           |     3 |    28 ||    31

Table legend:
 A = Non-vault XP
 B = Vault XP
 C = Vault XP percentage of total XP
 D = Non-vault monster count
 E = Vault monster count
 F = Vault count percentage of total count
                 A         B        C        D         E       F
            +---------+---------+-------+---------+---------+-------
      Total |     255 |       6 |   2.3 |      40 |       2 |   4.8
            +---------+---------+-------+---------+---------+-------
        D:1 |       8 |       0 |   0.0 |       5 |       0 |   0.0
        D:2 |      31 |       6 |  16.2 |      11 |       2 |  15.4
        D:3 |     163 |       0 |   0.0 |      22 |       0 |   0.0
        D:4 |      53 |       0 |   0.0 |       2 |       0 |   0.0
            +---------+---------+-------+---------+---------+-------
